 Dungeon Crawl Stone Soup version 0.31-a0-986-g5e6e4ef867 (webtiles) character file.

Game seed: 11186628241208532612

2663 billz999 the Cleaver (level 9, 0/111 HPs)
             Began as a Demonspawn Berserker on Nov 4, 2023.
             Was an Elder of Trog.
             Slain by a hornet (4 damage)
             ... on level 7 of the Dungeon.
             The game lasted 00:07:00 (4468 turns).

billz999 the Cleaver (Demonspawn Berserker)         Turns: 4468, Time: 00:07:01

Health: 0/111      AC: 12    Str: 22    XL:     9   Next: 36%
Magic:  9/9        EV: 14    Int:  8    God:    Trog [****..]
Gold:   238        SH:  0    Dex: 13    Spells: 8/8 levels left

rFire   . . .        j - +10 hand axe "Faguath" {elec, SInv}
rCold   . . .        (no shield)
rNeg    . . .        r - +0 chain mail
rPois   .            (helmet restricted)
rElec   .            n - +0 cloak
rCorr   .            e - +0 pair of gloves
SInv    +            c - +1 pair of boots
Will    .....        (no amulet) Stlth
                     w - +4 ring of slaying
HPRegen 0.38/turn    (no ring)
MPRegen 0.11/turn

%: no passive effects
@: mighty, agile, berserking, lethally poisoned (0 -> -9), slowed
A: horns 2, powered by pain 1, demonic magic 1
a: Renounce Religion, Berserk, Trog's Hand, Brothers in Arms


You were on level 7 of the Dungeon.
You worshipped Trog.
Trog was greatly pleased with you.
You visited 1 branch of the dungeon, and saw 7 of its levels.

You collected 238 gold pieces.

Inventory:

Hand Weapons
 j - the +10 hand axe "Faguath" (weapon) {elec, SInv}
   (You found it on level 2 of the Dungeon)

   SInv:      It lets you see invisible.
Armour
 b - a +0 animal skin
 c - a +1 pair of boots (worn)
 e - a +0 pair of gloves (worn)
 n - a +0 cloak (worn)
 r - a +0 chain mail (worn)
Magical Staves
 f - a staff of poison
Jewellery
 w - a +4 ring of slaying (left hand)
Wands
 o - a wand of roots (12)
 u - a wand of polymorph (13)
Scrolls
 a - 4 scrolls of teleportation {unknown}
 h - 6 scrolls of identify {unknown}
 i - a scroll of revelation {unknown}
 p - a scroll of enchant armour {unknown}
 t - a scroll of immolation {unknown}
Potions
 d - 2 potions of degeneration {unknown}
 g - a potion of brilliance {unknown}
 k - 2 potions of heal wounds {unknown}
 l - a potion of lignification {unknown}
 m - a potion of might {unknown}
 q - a potion of mutation {unknown}
 s - a potion of curing {unknown}
 v - a potion of magic {unknown}
 x - a potion of enlightenment {unknown}


   Skills:
 + Level 8.1 Fighting
 * Level 9.4(9.7) Axes
 - Level 2.8(6.6) Maces & Flails
 - Level 1.9 Armour
 - Level 1.9 Dodging


You had 8 spell levels left.
You didn't know any spells.
Your spell library was empty.

Dungeon Overview and Level Annotations

Branches:
Dungeon (7/15)             Temple (0/1) D:5

Altars:
Kikubaaqudgha
Ru
Uskayaw
Xom
Yredelemnul

Shops:
D:1 (   D:3 !   D:5 (

Annotations:
D:6 3 runed translucent doors, Xavori's ghost, novice DjCK


Innate Abilities, Weirdness & Mutations

You have a pair of horns on your head.
You sometimes gain a little power by taking damage.
Spells you cast may paralyse adjacent enemies.


Message History

The hornet stings you!
You feel as though you will be slow longer.
The hornet stings you but does no damage.
You can move again.
You barely miss the hornet. Your headbutt misses the hornet.
The hornet is moderately wounded.
You feel very sick. The hornet stings you!
You focus on the pain.
You feel very mighty all of a sudden.
You are more poisoned.
You feel as though you will be slow longer.
The hornet stings you!
* * * LOW HITPOINT WARNING * * *
You focus on the pain.
You feel agile all of a sudden.
You are more poisoned.
You feel as though you will be slow longer.
You are too injured to fight recklessly!
Okay, then.
A red film seems to cover your vision as you go berserk!
You feel yourself moving faster!
You feel mighty!
* * * LOW HITPOINT WARNING * * *
You feel extremely sick. The hornet completely misses you.
The hornet barely misses you.
You closely miss the hornet. You headbutt the hornet.
The hornet is moderately wounded.
* * * LOW HITPOINT WARNING * * *
You feel very sick.
The hornet stings you but does no damage.
You closely miss the hornet.
The hornet is moderately wounded.
* * * LOW HITPOINT WARNING * * *
You feel very sick. The hornet closely misses you.
You slash the hornet!
The hornet is severely wounded.
* * * LOW HITPOINT WARNING * * *
You feel very sick. The hornet stings you.
You die...

##.....<..##.###......#
##...........# #.....##
.#.....####### #.....#
.####### #.....# .#
#### #.....# .#
##...##....## .######
#.....##...# .......
.......#...# .......
..$...y@...+ #.#....
.......#...# #......
#.....##...# ......#
##...# #...# .......
#### #...# ......#
#...# ......# #.?.#
....#.# #...# ....# #


You could see a hornet.

Vanquished Creatures
  A wyvern (D:7)
  5 yaks (D:6)
  2 ogres
  2 ice beasts
  A bullfrog (D:7)
  A gnoll sergeant (D:5)
  A scorpion (D:6)
  4 crimson imps (D:3)
  6 orc priests
  A jelly (D:6)
  11 hounds
  A gnoll bouda (D:5)
  2 sleepcaps
  Natasha (D:2)
  6 orc wizards
  4 adders
  16 gnolls
  3 shadow imps
  2 white imps
  2 worms (D:2)
  2 dart slugs (D:3)
  18 orcs
  3 bats
  2 endoplasms (D:3)
  2 giant cockroaches (D:1)
  5 goblins
  5 hobgoblins
  2 jackals (D:5)
  6 quokkas
  8 ball pythons
  6 frilled lizards
  7 kobolds
  5 rats
143 creatures vanquished.

Notes
Turn   | Place    | Note
-------+----------+-------------------------------------------
     0 | D:1      | billz999 the Demonspawn Berserker began the quest for the
                  | Orb.
     0 | D:1      | Reached XP level 1. HP: 18/18 MP: 1/1
   145 | D:1      | Found Riexu's Antique Weapon Emporium.
   200 | D:1      | Gained mutation: You sometimes gain a little power by
                  | taking damage. [demonic ancestry]
   200 | D:1      | Reached XP level 2. HP: 24/24 MP: 2/2
   248 | D:1      | Found a faded altar of an unknown god.
   304 | D:1      | Reached skill level 1 in Axes
   482 | D:2      | Identified the +10 hand axe "Faguath" {elec, SInv}
   529 | D:2      | Gained mutation: You have a pair of small horns on your
                  | head. [demonic ancestry]
   529 | D:2      | Reached XP level 3. HP: 29/29 MP: 3/3
   595 | D:2      | Reached ** piety under Trog
   707 | D:2      | Reached skill level 2 in Axes
   817 | D:2      | Noticed Natasha
   825 | D:2      | Killed Natasha
   826 | D:2      | Reached XP level 4. HP: 31/37 MP: 4/4
   947 | D:3      | Found Ryecaoro's Distillery.
  1007 | D:3      | Reached skill level 3 in Axes
  1022 | D:3      | Found a shimmering altar of Xom.
  1028 | D:3      | Reached XP level 5. HP: 42/42 MP: 5/5
  1123 | D:3      | Reached skill level 4 in Axes
  1140 | D:3      | Found a basalt altar of Yredelemnul.
  1263 | D:3      | Found an ancient bone altar of Kikubaaqudgha.
  1332 | D:3      | Gained mutation: Spells you cast may paralyse adjacent
                  | enemies. [demonic ancestry]
  1332 | D:3      | Reached XP level 6. HP: 40/49 MP: 6/6
  1451 | D:3      | Found a hide-covered altar of Uskayaw.
  1528 | D:3      | Found a sacrificial altar of Ru.
  1614 | D:4      | You fall into a shaft and drop 1 floor!
  1614 | D:5      | Entered Level 5 of the Dungeon
  1763 | D:5      | Found a staircase to the Ecumenical Temple.
  1869 | D:5      | Reached skill level 5 in Fighting
  1871 | D:5      | Reached *** piety under Trog
  1950 | D:5      | Reached skill level 5 in Axes
  1967 | D:5      | Reached XP level 7. HP: 48/56 MP: 7/7
  2412 | D:5      | Reached skill level 6 in Axes
  2449 | D:5      | Found Ikluzaho's Weapon Emporium.
  2598 | D:6      | Noticed a yak
  2598 | D:6      | Noticed a yak
  2599 | D:6      | Noticed a yak
  2858 | D:6      | Gained mutation: You have a pair of horns on your head.
                  | [demonic ancestry]
  2858 | D:6      | Reached XP level 8. HP: 64/64 MP: 8/8
  2928 | D:6      | Reached skill level 7 in Axes
  2938 | D:6      | Reached skill level 8 in Axes
  3256 | D:6      | Reached XP level 9. HP: 60/72 MP: 9/9
  3390 | D:6      | Reached **** piety under Trog
  3602 | D:6      | Noticed a spectral unseen horror
  3603 | D:6      | Found a runed translucent gate.
  3603 | D:6      | Found a runed translucent gate.
  3604 | D:6      | Found a runed translucent gate.
  3606 | D:6      | Noticed Xavori's ghost (novice DjCK)
  4164 | D:7      | Reached skill level 9 in Axes
  4460 | D:7      | Paralysed by a hornet for 3 turns
  4468 | D:7      | HP: 4/111 [poisoned by a hornet]
  4468 | D:7      | Slain by a hornet

Illustrated notes

Levels and vault maps discovered:
D:1:      zaba_arrival_water, layout_rooms, hellmonk_ecumenical_altar_run_dry,
          serial_shops, shop
D:2:      layout_rooms, uniq_natasha
D:3:      layout_rooms, mainiacjoe_overflow_cross_hatched,
          kiku_gazebo_pond_becter, nicolae_ru_path_of_blood,
          lemuel_doored_altar, led_xom_imps, serial_shops, shop
D:4:      layout_gridville, zin_academy, guppyfry_early_orc_mine,
          uniq_blork_the_orc
D:5:      layout_cave_pools, kennysheep_mini_moat,
          minmay_temple_entry_mini_moons, serial_gnoll_camp,
          gnoll_camp_mini_doghouse, gnoll_camp_mini_hut, gnoll_camp_mini_hut,
          gnoll_camp_mini_shop, gnoll_camp_mini_doghouse, gnoll_camp_mini_house
D:6:      layout_cave_pods, gammafunk_ghost_necromancy, grunt_decor_junction
D:7:      kennysheep_six_static_rooms, layout_basic, kb_rosetta

Skill      XL: |  1  2  3  4  5  6  7  8  9 |
---------------+----------------------------+-----
Axes           | 1 2 3 4 5 6 8 9 |  9.4
Fighting       | 4 5 6 7 8 |  8.1
Maces & Flails | |  2.8
Armour         | |  1.9
Dodging        | |  1.9

Action                     |  1- 3 |  4- 6 |  7- 9 || total
---------------------------+-------+-------+-------++-------
  Melee: Mace              |     9 |       |       ||     9
         Hand axe          |    59 |    75 |   121 ||   255
         Headbutt          |       |     8 |    15 ||    23
         Punch             |       |     1 |     3 ||     4
 Invoke: Berserk           |       |       |     3 ||     3
   Stab: Sleeping          |     2 |       |       ||     2
 Armour: Animal skin       |    28 |    37 |       ||    65
         Chain mail        |       |     7 |   118 ||   125
  Dodge: Dodged            |    48 |    39 |    40 ||   127

Table legend: (Time is in decaauts)
 A = Elapsed time spent in this place.
 B = Non-inter-level travel time spent in this place.
 C = Inter-level travel time spent in this place.
 D = Time resting spent in this place.
 E = Time spent auto-exploring this place.
 F = Levels seen in this place.
 G = Mean time per level.
                   A        B        C        D        E       F      G
               +--------+--------+--------+--------+--------+-----+--------+
         Total |   4503 |   4352 |    151 |    370 |   3231 |   7 |  643.3 |
       Dungeon |   4503 |   4352 |    151 |    370 |   3231 |   7 |  643.3 |
               +--------+--------+--------+--------+--------+-----+--------+

Top non-repeatable levels by time:
     D:6: 1503 daAuts
     D:5: 1037 daAuts
     D:3: 633 daAuts
     D:1: 486 daAuts
     D:2: 473 daAuts
     D:7: 324 daAuts
     D:4: 44 daAuts
